[Event "Nakhchivan Open 2022"]
[Site "Nakhchivan"]
[Date "2022.05.10"]
[Round "4.5"]
[White "Ahmad, Khagan"]
[Black "Shahaliyev, Ismayil"]
[Result "0-1"]
[ECO "C06"]
[WhiteElo "2178"]
[BlackElo "2386"]
[Annotator "TA"]
[PlyCount "106"]
[EventDate "2022.05.08"]
[EventType "swiss"]
[EventCountry "AZE"]
[SourceTitle "playchess.com"]
[Source "ChessBase"]
[SourceQuality "1"]
[TimeControl "5400+30"]

1. e4 e6 2. d4 d5 3. Nd2 Nf6 4. e5 Nfd7 5. Bd3 c5 6. c3 Nc6 7. Ne2 cxd4 8. cxd4 f6 9. exf6 Nxf6 10. Nf3 Bd6 11. O-O O-O 12. Bf4 Bxf4 13. Nxf4 Ne4 14. Qc1 Ng5 15. Nxg5 Qxg5 {[%emt 0:00:13] [#]} 16. Bxh7+ $1 Kxh7 {[%emt 0:00:07] C06: French Tarrasch: 3...Nf6 4 e5 Nfd7 5 Bd3 main lines.} 17. Nxe6 Qf6 18. Nxf8+ Qxf8 {[%emt 0:00:03] The position is equal.} 19. Qe3 {[%emt 0:02:03] [#]} Qf5 $146 ({Predecessor:} 19... Qf6 20. Rfe1 Bd7 21. Rac1 Re8 22. Qb3 Nxd4 23. Qxd5 Rxe1+ 24. Rxe1 Bc6 25. Qe5 Nf3+ 26. gxf3 Qxf3 27. Kf1 Qd3+ 28. Kg1 Qf3 29. Kf1 Qd3+ 30. Kg1 Qf3 {½-½ (30) Bethke,R (2332)-Pon,M (2185) Chess.com INT 2020}) 20. a3 Bd7 21. Rfe1 Rf8 22. b4 a6 23. Rad1 Qf4 24. Qxf4 Rxf4 25. Re2 Kg6 {[%emt 0:07:20][%mdl 1024] Black has compensation.} ({Don't take} 25... Rxd4 26. Rxd4 Nxd4 27. Rd2 $14) 26. f3 Kf6 ({Don't play} 26... Rxd4 27. Rxd4 Nxd4 28. Rd2 $14) 27. Red2 Na7 28. Kf2 Rh4 29. Rc1 (29. Kg1 $11) 29... Nb5 $15 30. a4 {[%emt 0:03:24] White is on the road to losing.} (30. Kg1 $142) 30... Nxd4 $17 31. Rcd1 (31. Rh1 $17 {was necessary.}) 31... Ne6 $19 32. Rxd5 Bxa4 33. Rb1 (33. Re1 $142) 33... Rxh2 34. Rd6 Ke7 35. Rd2 Rh4 36. Ke3 Bc6 37. Kd3 Nf4+ 38. Kc4 $2 (38. Kc2 Nd5 39. b5 axb5 40. Rc1) 38... Nxg2+ 39. Kc5 Bxf3 40. Rb3 Bc6 41. Rg3 Kf7 42. Rgxg2 Bxg2 {[%emt 0:00:41][%mdl 4096] Endgame KRB-KR} 43. Rf2+ Kg8 44. Rxg2 {[%emt 0:00:02] KR-KR} Rh5+ 45. Kd4 Rb5 46. Kc4 g5 47. Rd2 Kf7 48. Rd6 g4 {[%emt 0:03:40] [#] ...g3 is the strong threat.} 49. Rd4 Rg5 {[%emt 0:00:31] ( -> ...Kg6)} 50. Rd7+ Ke6 {[%emt 0:00:53] Black mates.} 51. Rxb7 g3 52. Ra7 g2 53. Rxa6+ Kd7 {[%emt 0:00:30] Weighted Error Value: White=0.35/Black=0.02 (flawless)} 0-1

[Event "Nakhchivan Open 2022"]
[Site "Nakhchivan"]
[Date "2022.05.10"]
[Round "4.6"]
[White "Azadaliyev, Jahandar"]
[Black "Mahdavi, Reza"]
[Result "1/2-1/2"]
[ECO "E73"]
[WhiteElo "2088"]
[BlackElo "2303"]
[Annotator "TA"]
[PlyCount "139"]
[EventDate "2022.05.08"]
[EventType "swiss"]
[EventCountry "AZE"]
[SourceTitle "playchess.com"]
[Source "ChessBase"]
[SourceQuality "1"]
[TimeControl "5400+30"]

1. d4 Nf6 2. c4 g6 3. Nc3 Bg7 4. e4 d6 5. Be2 O-O 6. Bg5 c5 7. d5 e6 8. Qd2 exd5 9. exd5 Re8 10. Nf3 Bg4 11. O-O Nbd7 12. Rfe1 {[%emt 0:03:12] E75: King's Indian: Averbakh Variation: 6...c5 7 d5 e6.} a6 13. h3 Bxf3 14. Bxf3 {[%emt 0:00:09] White has an edge.} Qa5 15. Bf4 Bf8 {[%emt 0:02:41] [#]} 16. Qd3 $146 (16. Be2 $14) ({Predecessor:} 16. g4 Ne5 17. Bxe5 Rxe5 18. Rxe5 dxe5 19. g5 Nd7 20. Qe2 Qd8 21. Ne4 f5 22. gxf6 Nxf6 {1-0 (33) Oppermann,P (1736)-Niebuhr,G (1863) Binz 2013}) 16... Rxe1+ 17. Rxe1 Re8 18. Rxe8 Nxe8 19. Qe2 {[%emt 0:00:01] Against Ne5} Qd8 20. Bg4 f5 21. Bf3 Nc7 22. Qd2 Qe7 23. a3 Bg7 24. b4 Be5 (24... g5 $5 25. Bh2 (25. Bxg5 Bxc3 26. Bxe7 Bxd2 $17) 25... b5 $11) 25. Qe3 b6 26. Na4 {[%emt 0:03:31] Hoping for Bxe5.} Na8 27. bxc5 bxc5 28. Bg5 Qe8 29. g4 Nc7 30. Kg2 Qf8 31. Bh6 (31. gxf5 $1 $14 {deserves consideration.} gxf5 32. Bd1) 31... Bg7 32. Bxg7 Kxg7 33. Qc3+ Qf6 34. Qa5 $36 {[%emt 0:00:38][%mdl 2048] Black is under pressure.} Qd8 35. Qc3+ Kg8 36. Nb2 Ne5 37. Nd3 Nxd3 (37... fxg4 {keeps more tension.} 38. hxg4 Nxf3 39. Kxf3 Qh4) 38. Qxd3 $11 {[%emt 0:00:08][%mdl 4096] Endgame KQB-KQN} Qd7 39. Qb3 Kf7 (39... Ne8 $11 {was preferrable.}) 40. Qb2 Qd8 {[%emt 0:00:47] Against Qh8} ({Black should play} 40... fxg4 $14 41. hxg4 (41. Bxg4 Qd8 $11) 41... Qd8) 41. Qd2 {[%emt 0:03:15] White is more active.} ({Better is} 41. gxf5 $1 $16 gxf5 42. Bh5+ Kg8 43. Kf1) 41... fxg4 42. Bxg4 h5 43. Bf3 Ne8 44. Qe3 Qe7 45. Be4 {[%emt 0:00:51][%cal Oe4g6] Strongly threatening Bxg6+!} Kg7 46. Qc3+ Nf6 47. f3 h4 48. Qb2 $2 (48. Kf2 $11) 48... Kh6 (48... Kh7 $1 $19 49. Qc2 Qg7) 49. Kf2 {[%emt 0:01:07] [#]} (49. Qd2+ $11 g5 50. Bb1) 49... Qg7 ({Much weaker is} 49... Nxe4+ $6 50. fxe4 Qxe4 51. Qh8+ Kg5 52. Qd8+ Kh6 53. Qh8+ Kg5 54. Qd8+ Kh6 55. Qh8+ $11) (49... Kh7 $1 $17 50. Qb1 Qg7) 50. Qb8 $2 {[%emt 0:01:02] [#]} (50. Qd2+ $11 {and White is okay.} g5 51. Qe3) 50... Nxe4+ $2 (50... Nh5 $1 $19 {And now ...Qf6 would win.} 51. Ke1 (51. Qxd6 $2 Qb2+ 52. Kg1 Qc1+ 53. Kh2 Qd2+ 54. Kg1 Qe3+ 55. Kg2 Nf4+ 56. Qxf4+ Qxf4 $19) 51... Qf6) 51. fxe4 $19 {[%emt 0:00:00] KQ-KQ. The position is equal.} Qd4+ 52. Kf3 Qd3+ 53. Kf2 Qg3+ 54. Ke2 Qg2+ 55. Kd1 Qf1+ 56. Kd2 Qf2+ 57. Kc1 Qe3+ 58. Kb2 Qd2+ 59. Kb3 Qd3+ 60. Kb2 Qd4+ 61. Kb3 Qe5 62. Qd8 Kh5 63. Qd7 {[%emt 0:00:26] aiming for Qg4+.} Kh6 64. Qd8 Kh5 65. Qd7 Qxe4 66. Qxd6 Qd3+ 67. Kb2 Qd2+ 68. Kb3 Qd3+ 69. Kb2 Qd2+ 70. Kb3 {[%emt 0:00:00] Weighted Error Value: White=0.28 (precise) /Black=0.19 (very precise)} 1/2-1/2

[Event "Nakhchivan Open 2022"]
[Site "Nakhchivan"]
[Date "2022.05.11"]
[Round "5.1"]
[White "Shahaliyev, Ismayil"]
[Black "Asgari, Morteza"]
[Result "1-0"]
[ECO "D71"]
[WhiteElo "2386"]
[BlackElo "2244"]
[Annotator "TA"]
[PlyCount "89"]
[EventDate "2022.05.08"]
[EventType "swiss"]
[EventCountry "AZE"]
[SourceTitle "playchess.com"]
[Source "ChessBase"]
[SourceQuality "1"]
[TimeControl "5400+30"]

1. d4 Nf6 2. c4 g6 3. g3 Bg7 4. Bg2 d5 5. cxd5 Nxd5 6. Nf3 Nb6 7. Nc3 Nc6 8. e3 O-O 9. O-O Re8 10. Nh4 {[%emt 0:00:06] D76: Fianchetto Grünfeld: Main Line with 7...Nb6.} e6 (10... e5 $5 ) 11. f4 a5 12. Nf3 {White is slightly better.} Bd7 {[%emt 0:15:33] [#]} 13. Ne4 $146 ({Predecessor:} 13. Rb1 a4 14. Qe2 Qe7 15. Ne4 Nb4 16. a3 Na6 17. Bd2 Bc6 18. Nc3 Bd5 19. Rfe1 {1-0 (63) Holm,K (2330)-Elishev,I (2153) Caleta 2015}) 13... Nb4 14. Nc5 Bc6 15. b3 Nd7 {[%emt 0:05:18][%cal Bb6d7,Bd7c5,Bc5e4,Be4c3][%mdl 32] ...Nxc5 is the strong threat.} 16. a3 Nxc5 17. axb4 Ne4 18. bxa5 Bb5 19. Re1 {[%emt 0:00:28] White stays focused until the end.} c5 20. Ne5 Nc3 21. Qd2 cxd4 22. Bb2 $1 (22. Qxd4 Qc7 23. Bd2 Ne2+ 24. Rxe2 Bxe2 $15) (22. Bxb7 Rxa5 23. Rxa5 Qxa5 $14) 22... f6 (22... Ba6 $16) 23. Nc4 $1 $18 Bxc4 (23... f5 $16) 24. bxc4 f5 25. exd4 ({But not} 25. Bxb7 $6 dxe3 26. Qc1 (26. Qxe3 Bd4 $15) 26... Qd3 $16) 25... Qxd4+ 26. Qxd4 Bxd4+ {[%emt 0:00:12] [#]} 27. Kf1 $1 Re7 28. Rac1 Na2 (28... Nb5 $2 29. cxb5 Bxb2 30. Rc2 Rxa5 31. Rxb2 $18) 29. Bxd4 Nxc1 30. Rxc1 Rxa5 31. Rc2 Ra4 (31... Rd7 $16) 32. Be5 b6 {[%emt 0:01:46] [#]} (32... Rb4 {keeps fighting.} 33. c5 Re8) 33. Bc6 $1 {[%emt 0:01:19] A strong pair of Bishops.} Ra3 34. Rb2 Ra6 35. Bb8 {[%emt 0:02:30] Against Rea7} Kf7 36. Ke2 h6 37. Ke3 g5 38. Kd4 g4 $2 (38... Kf6 39. Be5+ Kf7) 39. Ke5 h5 40. Kd6 Kf6 (40... Ra1 $142 41. Rd2 (41. Rxb6 Ra2 $18) 41... h4) 41. Bc7 {[%emt 0:00:40] Strongly threatening Bd8. White is clearly winning.} Ra3 {[%emt 0:00:48] aiming for ...Rd3+.} 42. Bd8 Rd3+ 43. Bd5 exd5 44. Bxe7+ Kf7 45. cxd5 {[%emt 0:00:10] Weighted Error Value: White=0.09 (flawless) /Black=0.35} 1-0

[Event "Nakhchivan Open 2022"]
[Site "Nakhchivan"]
[Date "2022.05.11"]
[Round "5.2"]
[White "Hasanov, Rashad"]
[Black "Hasanzade, Toghrul"]
[Result "1/2-1/2"]
[ECO "C11"]
[WhiteElo "2142"]
[BlackElo "2279"]
[Annotator "TA"]
[PlyCount "68"]
[EventDate "2022.05.08"]
[EventType "swiss"]
[EventCountry "AZE"]
[SourceTitle "playchess.com"]
[Source "ChessBase"]
[SourceQuality "1"]
[TimeControl "5400+30"]

1. e4 e6 2. d4 d5 3. Nc3 Nf6 4. e5 Nfd7 5. f4 c5 6. Nf3 Nc6 7. Be3 cxd4 8. Nxd4 Bc5 9. Qd2 O-O 10. O-O-O Nxd4 11. Bxd4 a6 {[%emt 0:00:04] C11: French: Classical System: 4 e5 and 4 Bg5 dxe4.} 12. Kb1 b5 13. Bxc5 Nxc5 14. Bd3 b4 15. Ne2 a5 {[%emt 0:00:36] [#]} 16. g4 $146 ({Predecessor:} 16. Nd4 Ba6 17. f5 Qb6 18. f6 Bxd3 19. cxd3 gxf6 20. Qh6 fxe5 21. Nf5 {1-0 (21) Cetina,K (2182)-Vaupot,L (1992) Slovenia 2019}) 16... Ba6 17. Bxa6 Rxa6 18. Qe3 Qc7 19. Rc1 Ne4 ({Better is} 19... Rb8 $17) 20. c4 $11 {[%emt 0:03:36] [#] And now cxd5 would win.} bxc3 21. Nxc3 Qb6 22. Qxb6 Nxc3+ 23. Rxc3 Rxb6 {[%emt 0:00:04][%cal Ba6b6,Bb6b4,Bb4e4][%mdl 4128] Endgame KRR-KRR} 24. g5 Rb4 25. Rf1 Rfb8 26. b3 a4 27. Kb2 Kf8 28. Rh3 axb3 29. axb3 (29. Rxb3 $11 Ke7 30. Rff3) 29... Re4 (29... Kg8 $15) 30. Rxh7 {[%emt 0:12:17] The position is equal.} Re2+ 31. Ka3 {[%emt 0:00:12] [#] aiming for Rh8+.} Ra8+ 32. Kb4 {[%emt 0:00:26] Threatening mate with Rh8+.} Rb8+ 33. Ka3 {[%emt 0:00:05] Hoping for Rh8+.} Ra8+ 34. Kb4 {[%emt 0:00:06] Rh8+ is the strong threat.} Rb8+ {[%emt 0:00:06] Weighted Error Value: White=0.08 (flawless) /Black=0.06 (flawless)} 1/2-1/2

[Event "Nakhchivan Open 2022"]
[Site "Nakhchivan"]
[Date "2022.05.11"]
[Round "5.3"]
[White "Mammadov, Sadig"]
[Black "Zeynalli, Rashad"]
[Result "1-0"]
[ECO "D35"]
[WhiteElo "2265"]
[BlackElo "2226"]
[Annotator "TA"]
[PlyCount "73"]
[EventDate "2022.05.08"]
[EventType "swiss"]
[EventCountry "AZE"]
[SourceTitle "playchess.com"]
[Source "ChessBase"]
[SourceQuality "1"]
[TimeControl "5400+30"]

1. d4 d5 2. c4 e6 3. Nc3 Nf6 4. e3 Be7 5. Nf3 O-O 6. Bd3 dxc4 7. Bxc4 a6 8. a4 c5 9. O-O Nc6 10. Qe2 {[%emt 0:00:53] D37: Queen's Gambit Declined: 5 Bf4.} cxd4 11. Rd1 ({White should try} 11. exd4 $15 Nxd4 12. Nxd4 Qxd4 13. Rd1) 11... e5 $17 12. exd4 {[%emt 0:01:10] Black is better.} exd4 13. Ne5 Nxe5 (13... Bd7 $17 {Strongly threatening ...Nxe5.} 14. Nxc6 Bxc6) 14. Qxe5 $11 Ng4 15. Qxd4 Qxd4 16. Rxd4 Bc5 {[%emt 0:01:20] [#]} 17. Rf4 $146 (17. Rd2 $11) ({Predecessor:} 17. Rd2 Re8 18. h3 Nxf2 19. Rxf2 Re1+ 20. Bf1 Be6 21. b4 Bd4 22. Bb2 Rxa1 23. Bxa1 {0-1 (70) Perez,I (2302)-Rohonyan,K (2337) Redmond 2009}) 17... Bd6 $15 18. Re4 Bf5 (18... Bxh2+ 19. Kh1 Be5 20. Re2 $17) 19. h3 Bxe4 20. Nxe4 {[%emt 0:00:05] [#]} Ne5 $1 21. Nxd6 Rad8 $1 22. b3 {[%emt 0:12:05][%cal Oc1f4] Black must now prevent Bf4!} Rxd6 23. Ba3 Rb6 24. Bxf8 $11 Nxc4 25. Bxg7 Rxb3 {[%emt 0:00:42][%mdl 4096] Endgame KRB-KRN} 26. Bf6 h5 27. Rc1 Rb4 28. Rc3 Rxa4 29. Rg3+ Kf8 $2 (29... Kh7 $1 $11) 30. Rd3 $18 Kg8 {[%emt 0:00:10] [#]} 31. f4 $1 Ne3 32. Rxe3 Rxf4 33. Rg3+ Kf8 $2 (33... Kh7) 34. Bg7+ Ke8 35. Rb3 Kd7 $2 (35... b5 {might work better.} 36. g3 Ra4) 36. Rxb7+ Kc6 37. Rb3 {[%emt 0:00:36] Weighted Error Value: White=0.08 (flawless) /Black=0.37} 1-0

[Event "Nakhchivan Open 2022"]
[Site "Nakhchivan"]
[Date "2022.05.11"]
[Round "5.4"]
[White "Lorparizangeneh, Shahin"]
[Black "Jafarli, Babak"]
[Result "1-0"]
[ECO "A05"]
[WhiteElo "2502"]
[BlackElo "2181"]
[Annotator "TA"]
[PlyCount "69"]
[EventDate "2022.05.08"]
[EventType "swiss"]
[EventCountry "AZE"]
[SourceTitle "playchess.com"]
[Source "ChessBase"]
[SourceQuality "1"]
[TimeControl "5400+30"]

1. Nf3 Nf6 2. g3 b6 3. Bg2 Bb7 4. O-O g6 5. d3 Bg7 6. e4 d6 7. Nc3 Nbd7 {[%emt 0:02:31] A05: Réti Opening: 1 Nf3 Nf6.} 8. Nh4 e5 9. f4 exf4 $2 {[%emt 0:01:41] [#]} (9... Qe7 $11) 10. e5 $146 {[%emt 0:11:44][%mdl 64] Discovered Attack} ({Predecessor:} 10. Bxf4 Rb8 11. Qd2 h6 12. d4 Nh5 13. Be3 Qe7 14. Rae1 Kd8 15. Bh3 Bf6 16. Nf3 {1-0 (56) Drljevic,L (2257)-Nedeljkovic,R (1877) Zlatibor 2007}) 10... dxe5 {[%emt 0:04:09] White must now prevent ...Bxg2.} (10... Bxg2 $2 11. exf6 Bxf1 12. fxg7 $18) 11. Bxb7 Rb8 12. Bc6 fxg3 13. Bg5 {[%emt 0:02:38] A strong pair of Bishops.} h6 (13... O-O $142 14. hxg3 (14. Bxd7 Qxd7 15. hxg3 Nd5 $16) 14... h6) 14. Bxf6 Bxf6 15. Ng2 (15. hxg3 Bxh4 16. gxh4 (16. Bxd7+ Kxd7 17. gxh4 f5 $16) 16... O-O $18) 15... Bg5 16. Qg4 (16. hxg3 $6 O-O 17. Qe1 Qe7 $18) 16... f5 (16... gxh2+ $142 17. Kh1 (17. Kxh2 f5 $16) 17... f5) 17. Qc4 (17. Qxg3 $142 Qf6 18. Bxd7+ Kxd7 19. h4) 17... Qe7 (17... gxh2+ 18. Kh1 Kf8) 18. Rae1 (18. hxg3 Qc5+ 19. Qxc5 bxc5 $18) 18... gxh2+ 19. Kh1 {[%emt 0:00:08] aiming for Qd5.} Kf8 $2 (19... Rd8 20. Nf4 (20. Kxh2 Kf8 $16) 20... Bxf4) 20. Nd5 Qd6 21. Bxd7 {[%emt 0:00:22][%mdl 64] [#] Deflection} Qxd7 22. Rxe5 Kg7 23. Rfe1 Rhe8 {[%emt 0:03:29] Against Re7+} 24. Rxe8 (24. Nxc7 Rxe5 25. Qc3 (25. Rxe5 Rc8 $15) 25... Bf6 26. Rxe5 Rc8 $11) (24. Qxc7 Qxc7 25. Nxc7 Rxe5 26. Rxe5 Rc8 $16) 24... Rxe8 25. Rxe8 {[%emt 0:00:22] Dancing on a razor blade.} ({Much less strong is} 25. Nxc7 $6 Rxe1+ 26. Nxe1 Qe7 $18) ({Less strong is} 25. Qxc7 Qxc7 26. Nxc7 Rxe1+ 27. Nxe1 Bh4 $16) (25. Kxh2 Qd6+ 26. Kh1 Rxe1+ 27. Nxe1 c6 28. Qc3+ Kh7 $17) 25... Qxe8 26. Qxc7+ Kg8 (26... Qf7 $142 27. Qd6 (27. Kxh2 Qxc7+ 28. Nxc7 Bc1 $16) 27... Qf8 28. Qd7+ Qf7) 27. Qxa7 {[%emt 0:05:56] White is clearly winning.} Qe2 (27... f4 $142 28. Ndxf4 Bxf4 29. Nxf4 Qc6+ 30. Ng2 Qc5 31. Qa8+ Kg7 32. Qb7+ Kg8 33. Kxh2 Qe5+ 34. Kh3 Qf5+ 35. Kg3 Qe5+ 36. Kh3 Qh5+ 37. Kg3 Qe5+ 38. Kh3) 28. Qxb6 Qd1+ 29. Kxh2 Qh5+ 30. Kg3 Bh4+ 31. Nxh4 Qg4+ 32. Kf2 {[%emt 0:00:02] White wants to mate with Qd8+.} Qxh4+ 33. Ke3 {[%emt 0:00:32] Nf6+ would kill now.} f4+ 34. Nxf4 Qg3+ 35. Ke4 {[%emt 0:00:09] White took control after the opening.  Weighted Error Value: White=0.36/Black=0.85} 1-0

[Event "Nakhchivan Open 2022"]
[Site "Nakhchivan"]
[Date "2022.05.11"]
[Round "5.5"]
[White "Huseynova, Lala"]
[Black "Rasulov, Vugar"]
[Result "0-1"]
[ECO "B03"]
[WhiteElo "1666"]
[BlackElo "2445"]
[Annotator "TA"]
[PlyCount "118"]
[EventDate "2022.05.08"]
[EventType "swiss"]
[EventCountry "AZE"]
[SourceTitle "playchess.com"]
[Source "ChessBase"]
[SourceQuality "1"]
[TimeControl "5400+30"]

1. e4 Nf6 2. e5 Nd5 3. d4 d6 4. c4 Nb6 5. exd6 cxd6 6. Nf3 g6 7. Nc3 Bg7 8. Be3 O-O 9. Be2 Nc6 10. O-O Bg4 11. b3 d5 12. c5 Nc8 13. Rc1 e6 14. h3 Bxf3 15. Bxf3 N8e7 {[%emt 0:00:30] B04: Alekhine's Defence: 4 Nf3.} 16. Nb5 ({Better is} 16. g4 $15) 16... Nf5 $17 17. Bg4 Nxe3 {[%emt 0:00:30] Black is better.} 18. fxe3 {[%emt 0:00:30] [#]} e5 $146 ({Predecessor:} 18... Qg5 19. Qe2 Rad8 20. Nd6 Rd7 21. Rce1 a6 22. a3 h5 23. Bf3 Ra8 24. b4 Bf8 {0-1 (61) Buto,A (1474)-Daluz,C (1950) Batangas 2019}) 19. dxe5 ({Don't play} 19. Nd6 h5 20. Bf3 (20. Nxb7 Qg5 $17) 20... e4 $17) 19... Bxe5 20. Bf3 Qg5 21. Qe1 Rad8 {[%emt 0:27:23] And now ...Bg3 would win.} 22. Rd1 $1 Ne7 23. Nc3 (23. h4 $11 {keeps the balance.} Qh6 24. Nd4) 23... Bc7 {[%emt 0:00:30] Black is more active.} 24. e4 (24. b4 $142) 24... Qe5 $36 {[%emt 0:00:30][%mdl 2048] [#] aiming for ...Qh2+. Black is really pushing.} 25. g3 dxe4 26. Nxe4 Nf5 {[%emt 0:00:30] Strongly threatening ...Rxd1.} 27. Qf2 Nd4 28. b4 b6 29. Rfe1 (29. Bg2 $15) 29... bxc5 30. bxc5 f5 31. Ng5 Qxg3+ 32. Qxg3 Bxg3 33. Rf1 Rfe8 {[%emt 0:04:56] White must now prevent ...Bf4.} ({Not} 33... Bh4 34. Rxd4 Rxd4 35. Ne6 $17) 34. Bb7 {[%emt 0:05:54] [#]} Bf4 $1 35. Nf3 Nxf3+ 36. Bxf3 Be3+ 37. Kg2 Bxc5 38. Rxd8 Rxd8 $19 {[%emt 0:00:02][%mdl 4096] Endgame KRB-KRB} 39. Rd1 Bd4 40. h4 (40. Rc1 {keeps fighting.}) 40... Kg7 41. Rb1 Bb6 42. Rd1 $2 (42. Be2) 42... Rxd1 43. Bxd1 {[%emt 0:00:05] KB-KB} Ba5 44. Bb3 Be1 45. Kh3 Kf6 {[%emt 0:00:05] ...h6 is the strong threat.} 46. Bd1 h6 47. Be2 Ke5 (47... g5 $142 48. hxg5+ hxg5) 48. Bc4 Kf4 {[%emt 0:00:16] Hoping for ...g5.} 49. Bf7 g5 50. hxg5 hxg5 51. Kg2 g4 {[%emt 0:00:09] ( -> ...Kg5)} 52. a4 Ba5 {[%emt 0:00:08] Black mates.} 53. Kf2 Bb6+ 54. Kg2 Kg5 55. Bd5 f4 56. Bc6 f3+ 57. Kf1 Kf4 58. Bd7 g3 59. Bh3 a5 {[%emt 0:00:06] Weighted Error Value: White=0.91/Black=0.23 (precise)} 0-1

[Event "Nakhchivan Open 2022"]
[Site "Nakhchivan"]
[Date "2022.05.11"]
[Round "5.6"]
[White "Haznedaroglu, Kivanc"]
[Black "Babayev, Talib"]
[Result "1-0"]
[ECO "E73"]
[WhiteElo "2425"]
[BlackElo "2218"]
[Annotator "TA"]
[PlyCount "55"]
[EventDate "2022.05.08"]
[EventType "swiss"]
[EventCountry "AZE"]
[SourceTitle "playchess.com"]
[Source "ChessBase"]
[SourceQuality "1"]
[TimeControl "5400+30"]

1. d4 Nf6 2. c4 g6 3. Nc3 Bg7 4. e4 d6 5. Be2 O-O 6. Be3 e5 7. d5 Na6 8. g4 {[%emt 0:00:23] E73: King's Indian: Averbakh Variation without 6...c5.} Nc5 9. f3 h5 10. h3 {[%emt 0:05:25][%cal Bh2h3,Bh3h4][%mdl 32] White is slightly better.} Nh7 {[%emt 0:02:33] [#]} 11. h4 $146 ({Predecessor:} 11. Qd2 hxg4 12. hxg4 Bf6 13. O-O-O Bg5 14. Nh3 Bxe3 15. Qxe3 Bd7 16. Rh2 f6 17. Rdh1 {1-0 (46) Elissalt Cardenas,H (2297)-Ronka,E (2324) Chess.com INT 2021}) 11... a5 {[%emt 0:08:00] Black is on the road to losing.} ({Black should play} 11... hxg4 12. fxg4 b6) 12. gxh5 $16 gxh5 13. Nh3 Bxh3 (13... f5 $142) 14. Rxh3 f5 {[%emt 0:00:07] [#]} 15. exf5 $1 Rxf5 16. Qc2 Rf7 17. O-O-O ({Don't do} 17. Qg6 $6 Qd7 18. Rg3 Qf5 19. Qxf5 Rxf5) 17... Qf6 18. Rg1 {[%emt 0:01:14] aiming for Ne4.} Kh8 19. Rg6 {[%emt 0:06:41] Inhibits Bh6.} Qf5 20. Qxf5 Rxf5 21. Kc2 b6 22. Ne4 Raf8 (22... Rf7 {was worth a try.} 23. Nxc5 bxc5) 23. Rhg3 R5f7 24. Nxc5 bxc5 25. Bd3 Bf6 $2 {[%emt 0:05:30] [#]} (25... Rg8 26. a4 Rf6) 26. Rh6 $18 {[%emt 0:01:07] White is clearly winning.} Rg8 27. Rxg8+ Kxg8 28. Bxh7+ {[%emt 0:00:06] Weighted Error Value: White=0.11 (very precise) /Black=0.49} 1-0

[Event "Nakhchivan Open 2022"]
[Site "Nakhchivan"]
[Date "2022.05.12"]
[Round "6.1"]
[White "Mammadov, Sadig"]
[Black "Shahaliyev, Ismayil"]
[Result "0-1"]
[ECO "E49"]
[WhiteElo "2265"]
[BlackElo "2386"]
[Annotator "TA"]
[PlyCount "63"]
[EventDate "2022.05.08"]
[EventType "swiss"]
[EventCountry "AZE"]
[SourceTitle "playchess.com"]
[Source "ChessBase"]
[SourceQuality "1"]
[TimeControl "5400+30"]

1. d4 Nf6 2. c4 e6 3. Nc3 Bb4 4. e3 O-O 5. Bd3 d5 6. a3 Bxc3+ 7. bxc3 dxc4 8. Bxc4 c5 9. Ne2 Qc7 10. Bd3 Nc6 11. Bb2 e5 12. O-O Be6 {[%emt 0:00:58] [#] E49: Nimzo-Indian: Rubinstein: 5 Bd3 d5 6 a3 Bxc3+ 7 bxc3.} 13. f4 $146 (13. Ng3 $11) ({Predecessor:} 13. Ng3 Rad8 14. Rc1 Rfe8 15. Qe2 {½-½ (15) Neto,H (2604)-Horvath,A (2481) ICCF email 2010}) 13... e4 $17 14. Bc2 Bc4 {[%emt 0:05:10] Black is better.} 15. Re1 Nd5 {[%emt 0:06:34] 0x0.001ad06e60b4dp-1022s more active pieces. The white rooks are badly placed.} (15... Na5 $17) 16. Ng3 ({White should try} 16. Bxe4 $15 Nxe3 17. Qd2) 16... f5 17. Nxf5 {[%emt 0:15:13] This move loses the game for White.} Rxf5 $19 18. Bxe4 Rf7 19. Qc2 {[%emt 0:04:18] [#]} Nf6 20. Bf3 Re8 21. g3 Rfe7 22. e4 Bd5 23. dxc5 (23. exd5 Rxe1+ 24. Rxe1 Rxe1+ 25. Kf2) 23... Bxe4 24. Bxe4 Rxe4 25. Rxe4 Rxe4 (25... Nxe4 $2 {perishes.} 26. Re1 Nf6 27. Rxe8+ Nxe8 28. Qe2 $19) 26. c4 Nd4 27. Bxd4 Rxd4 28. Qf5 Qe7 {[%emt 0:02:09] ( -> ...Qe3+)} 29. Rb1 (29. Qe5 $142 Qd7 30. Re1) 29... Rxc4 (29... Qe3+ $142 30. Kh1 Rd2) 30. Qc8+ (30. Qe5 $142 Re4 31. Qxe7 Rxe7 32. Rb4) 30... Ne8 {[%emt 0:00:06] Hoping for ...Rc2.} 31. Qxb7 {[%emt 0:01:31] [#]} Rc1+ $1 32. Rxc1 {[%emt 0:00:41] Weighted Error Value: White=1.14/Black=0.45} 0-1